 Dungeon Crawl Stone Soup version 0.26-a0-490-gf8362a0c98 (webtiles) character file.

Game seed: 1236204193098166094

81 Apogee the Chopper (level 4, -6/37 HPs)
             Began as a Minotaur Gladiator on Aug 4, 2020.
             Was an Initiate of Gozag.
             Mangled by an ogre
             ... wielding a +0 giant club
              (11 damage)
             ... on level 3 of the Dungeon.
             The game lasted 00:01:57 (1775 turns).

Apogee the Chopper (Minotaur Gladiator)             Turns: 1775, Time: 00:01:57

Health: -6/37      AC:  5    Str: 19    XL:     4   Next: 19%
Magic:  3/3        EV: 12    Int:  5    God:    Gozag
Gold:   230        SH:  0    Dex: 12    Spells: 3/3 levels left

rFire    . . .     SeeInvis .   a - +0 war axe
rCold    . . .     Faith    .   (no shield)
rNeg     . . .     Spirit   .   g - +0 ring mail
rPois    .         Reflect  .   c - +0 hat
rElec    .         Harm     .   (no cloak)
rCorr    .                      (no gloves)
MR       .....                  (no boots)
Stlth    +.........             (no amulet)
HPRegen  0.12/turn              (no ring)
MPRegen  0.08/turn              (no ring)

@: gold aura
A: retaliatory headbutt, horns 2
a: Potion Petition, Call Merchant, Bribe Branch, Renounce Religion


You were on level 3 of the Dungeon.
You worshipped Gozag.
Gozag was aware of your devotion.
You visited 1 branch of the dungeon, and saw 3 of its levels.

You collected 261 gold pieces.
You paid 31 gold pieces to Gozag.

Inventory:

Hand Weapons
 a - a +0 war axe (weapon)
Missiles
 d - 4 throwing nets (quivered)
Armour
 b - a +0 leather armour
 c - a +0 hat (worn)
 g - a +0 ring mail (worn)
Wands
 n - a wand of polymorph (3)
 o - a wand of enslavement (9)
 p - a wand of paralysis (6)
Scrolls
 e - 5 scrolls of identify {unknown}
 f - 3 scrolls of remove curse {unknown}
 i - 2 scrolls of amnesia {unknown}
 j - a scroll of random uselessness {unknown}
 k - a scroll of blinking {unknown}
 m - a scroll of fear {unknown}
 q - a scroll of enchant weapon {unknown}
 r - a scroll of immolation {unknown}
 s - a scroll of magic mapping {unknown}
Potions
 h - a potion of degeneration {unknown}
 l - a potion of curing {unknown}
 t - a potion of brilliance {unknown}


   Skills:
 + Level 2.8 Fighting
 * Level 6.0 Axes
 - Level 2.0 Throwing
 - Level 3.2 Dodging


You had 3 spell levels left.
You didn't know any spells.
Your spell library was empty.

Dungeon Overview and Level Annotations

Branches:
Dungeon (3/15)

Altars:
Ashenzari
Gozag
Okawaru
Ru
Sif Muna
The Shining One


Innate Abilities, Weirdness & Mutations

You reflexively headbutt those who attack you in melee.
You have a pair of horns on your head.


Message History

The ogre shouts!
You hit the hobgoblin but do no damage.
You hear a shout!
The hobgoblin hits you with a +0 club.
You hit the hobgoblin but do no damage. You headbutt the hobgoblin.
You kill the hobgoblin!
Your Axes skill increases to level 6!
Items here: $ ( ) ? [.
The ogre hits you with a +0 giant club!!
Ouch! That really hurt!
* * * LOW HITPOINT WARNING * * *
Unknown command.
Items here: $ ( ) ? [.
The ogre becomes distracted by the nearby gold, dreaming of imaginary riches.
You closely miss the ogre.
The ogre is no longer distracted by gold.
The ogre shouts!
The ogre hits you with a +0 giant club!
You die...
Your body crumbles into a pile of gold.

#...........#
####..#.##
..###......).#
.....# #
##........#
?..#.#
##.........#
....#
...........###
##..
.#.......$....#
#########....#
#....O$.##
+.....@..#
#........#
#........#
#.....$(.#
#......(.#
######....#
##...# #...#
#####


You could see an ogre.

Vanquished Creatures
  An adder (D:2)
  2 oozes
  3 dart slugs (D:2)
  2 orcs (D:3)
  5 bats
  4 giant cockroaches
  3 goblins
  10 hobgoblins
  2 jackals (D:2)
  3 quokkas
  3 frilled lizards (D:2)
  7 kobolds
  7 rats
52 creatures vanquished.

Notes
Turn   | Place    | Note
-------+----------+-------------------------------------------
     0 | D:1      | Apogee the Minotaur Gladiator began the quest for the Orb.
     0 | D:1      | Reached XP level 1. HP: 18/18 MP: 0/0
   269 | D:1      | Reached skill level 4 in Axes
   418 | D:1      | Reached XP level 2. HP: 24/25 MP: 1/1
   868 | D:2      | Reached skill level 5 in Axes
   868 | D:2      | Reached XP level 3. HP: 23/30 MP: 2/2
  1039 | D:2      | Found an opulent altar of Gozag.
  1057 | D:2      | Became a worshipper of Gozag Ym Sagoz the Greedy
  1244 | D:2      | Found a sacrificial altar of Ru.
  1359 | D:2      | Found a glowing golden altar of the Shining One.
  1359 | D:2      | Found an iron altar of Okawaru.
  1370 | D:2      | Found a shimmering blue altar of Sif Muna.
  1372 | D:2      | Found a faded altar of an unknown god.
  1373 | D:2      | Found a shattered altar of Ashenzari.
  1620 | D:3      | Reached XP level 4. HP: 34/37 MP: 3/3
  1764 | D:3      | Noticed an ogre
  1766 | D:3      | Reached skill level 6 in Axes
  1775 | D:3      | Mangled by an ogre

Illustrated notes

Levels and vault maps discovered:
D:1:      nagdon_arrival_zigzag_paths, layout_loops_ring,
          hangedman_decor_growths
D:2:      layout_loops_ring, chequers_temple_overflow_minitemple,
          old_standard_altar, nicolae_ru_path_of_blood
D:3:      layout_basic, overflow_temple_1_default, minmay_starry_boxes

Skill      XL: |  1  2  3  4 |
---------------+-------------+-----
Axes           | 4 5 6 |  6.0
Fighting       | |  2.8
Throwing       | |  2.0
Dodging        | |  3.2

Action                   |  1- 3 |  4- 6 || total
-------------------------+-------+-------++-------
Melee: War axe           |    63 |    19 ||    82
       Headbutt          |     9 |     3 ||    12
       Unarmed           |     7 |       ||     7
 Stab: Sleeping          |     1 |       ||     1
Armor: Leather armour    |     6 |       ||     6
       Ring mail         |    16 |     7 ||    23
Dodge: Dodged            |    57 |    16 ||    73

Table legend: (Time is in decaauts)
 A = Elapsed time spent in this place.
 B = Non-inter-level travel time spent in this place.
 C = Inter-level travel time spent in this place.
 D = Time resting spent in this place.
 E = Time spent auto-exploring this place.
 F = Levels seen in this place.
 G = Mean time per level.
                   A        B        C        D        E       F      G
               +--------+--------+--------+--------+--------+-----+--------+
         Total |   1791 |   1719 |     72 |      0 |   1419 |   3 |  597.0 |
       Dungeon |   1791 |   1719 |     72 |      0 |   1419 |   3 |  597.0 |
               +--------+--------+--------+--------+--------+-----+--------+

Top non-repeatable levels by time:
     D:1: 812 daAuts
     D:2: 792 daAuts
     D:3: 185 daAuts
